 Dungeon Crawl Stone Soup version 0.14-a0-1969-g2c76abe (webtiles) character file.

11691 Kae the Unseen (level 11, -3/44 (47) HPs)
             Began as a Spriggan Enchanter on Jan 16, 2014.
             Was an Elder of Dithmengos.
             Slain by a griffon simulacrum (8 damage)
             ... led by Josephine
             ... on Level 11 of the Dungeon.
             The game lasted 00:34:05 (11405 turns).

Kae the Unseen (Spriggan Enchanter)                Turns: 11405, Time: 00:34:05

HP  -3/44 (47)   AC  4     Str  7      XL: 11   Next: 45%
MP  28/31        EV 18     Int 17      God: Dithmengos [****..]
Gold 571         SH  0     Dex 17      Spells:  4 memorised, 16 levels left

rFire  x . .     SeeInvis +     z - +2,+0 cutlass (freeze) (curse)
rCold  + . .     Clarity  .     b - +2 robe
rNeg   . . .     Conserve .     (shield restricted)
rPois  .         rCorr    .     (helmet restricted)
rElec  .         rRot     .     (no cloak)
SustAb . .       Spirit   .     (gloves unavailable)
rMut   .         Warding  .     (boots unavailable)
Saprov . . .     Stasis   .     p - amulet of faith
MR     +....                    (no ring)
                                n - ring of ice

@: wreathed by umbra, very quick, somewhat resistant to hostile enchantments,
uncannily stealthy
A: unfitting armour, see invisible, herbivore 3, speed 3, slow metabolism 2
a: Shadow Step, Renounce Religion


You were on level 11 of the Dungeon.
You worshipped Dithmengos.
Dithmengos was greatly pleased with you.
You were not hungry.

You visited 2 branches of the dungeon, and saw 12 of its levels.

You collected 571 gold pieces.

Inventory:

Hand weapons
 a - a cursed +2,+2 dagger
 z - a cursed +2,+0 cutlass of freezing (weapon)
Missiles
 d - 12 darts
 e - 3 poisoned tomahawks
 q - 5 silver tomahawks (quivered)
 u - 3 tomahawks
Armour
 b - a +2 robe (worn)
Magical devices
 v - a wand of frost (23)
 A - a wand of confusion (12)
 E - a wand of polymorph (6)
 L - a wand of magic darts (16)
Comestibles
 i - a cheese
 B - 4 bread rations
 G - 2 chokos
 H - a pear
Scrolls
 g - 4 scrolls of enchant weapon II
 j - a scroll of recharging
 l - 4 scrolls of magic mapping
 r - 2 scrolls of teleportation
 C - a scroll of immolation
 I - a scroll of enchant weapon I
 J - a scroll of amnesia
 M - a scroll of remove curse
Jewellery
 f - an uncursed amulet of the gourmand {unknown}
 m - an uncursed ring of protection from magic
 n - a ring of ice (left hand)
 p - an amulet of faith (around neck)
 y - an uncursed ring of ice
 P - an uncursed amulet of rage {unknown}
Potions
 h - a potion of magic {unknown}
 o - 2 potions of resistance
 t - a potion of brilliance {unknown}
 w - 2 potions of speed {unknown}
 x - 2 potions of heal wounds
 D - a potion of curing
 F - a potion of lignification {unknown}
 O - 2 potions of agility {unknown}
 Q - 2 potions of cure mutation {unknown}
 R - a potion of restore abilities {unknown}
Books
 c - a book of Maledictions

   Spells                             Type                      Level
   *Corona                            Hexes                        1
   Sure Blade                         Hexes/Charms                 2
   *Ensorcelled Hibernation           Hexes/Ice                    2
   *Confuse                           Hexes                        3
   Enslavement                        Hexes                        4
   *Invisibility                      Hexes                        6
 k - a book of Beasts

   Spells                             Type                      Level
   Summon Butterflies                 Summoning                    1
   Sticks to Snakes                   Transmutation                2
   Call Canine Familiar               Summoning                    3
   Ice Form                           Ice/Transmutation            4
   Summon Ice Beast                   Ice/Summoning                4
   Summon Hydra                       Summoning                    7
 s - a book of Annihilations {highlevel}

   This book is beyond your current level of understanding.

   Spells                             Type                      Level
   Poison Arrow                       Conjuration/Poison           6
   Chain Lightning                    Conjuration/Air              8
   Lehudib's Crystal Spear            Conjuration/Earth            8
   Ice Storm                          Conjuration/Ice              9
   Fire Storm                         Conjuration/Fire             9


   Skills:
 * Level 11.3 Short Blades
 - Level 1.1 Throwing
 - Level 3.0 Dodging
 * Level 15.9 Stealth
 + Level 9.0 Spellcasting
 + Level 9.7 Hexes


You had 16 spell levels left.
You knew the following spells:

 Your Spells              Type           Power        Failure   Level  Hunger
a - Corona                Hex            #####..      1%          1    None
b - Ensorcelled Hibernat  Hex/Ice        #####.       1%          2    None
c - Confuse               Hex            #####...     1%          3    #......
d - Invisibility          Hex            #####...     28%         6    ######.


Dungeon Overview and Level Annotations

Branches:
Dungeon (11/16)            Temple (1/1) D:6             Orc (0/4) D:11
   Lair (0/8) D:8

Altars:
Ashenzari
Cheibriados
Dithmengos
Elyvilon
Kikubaaqudgha
Makhleb
Nemelex Xobeh
Okawaru
Vehumet
Xom
Yredelemnul
Zin
the Shining One

Shops:
D:4 (   D:7 }   D:10 :*

Annotations:
D:4 exclusion: centaur, Menkaure


Innate Abilities, Weirdness & Mutations

You are tiny and cannot use many weapons and most armour.
You have supernaturally acute eyesight.
You are a herbivore.
You cover ground extremely quickly.
You need consume almost no food.


Message History

You hit the griffon simulacrum but do no damage.
The griffon simulacrum bites you. The griffon simulacrum freezes you!
You resist.
One of your 3 fizzy white potions freezes and shatters!
The griffon simulacrum misses you.
The griffon simulacrum claws you but does no damage.
You hit the griffon simulacrum. The troll zombie bites you.
The troll zombie claws you!
* * * LOW HITPOINT WARNING * * *
The troll zombie claws you!
* * * LOW HITPOINT WARNING * * *
Casting: Confuse
Confirm with . or Enter, or press ? or * to list all spells.
Aiming: Confuse
Press: ? - help, Shift-Dir - straight line, f - troll zombie
Aim: a troll zombie (umbra)
The troll zombie appears confused.
The griffon simulacrum barely misses you.
The griffon simulacrum pecks you!
You die...

...# .#. ##.. #.. ##
#.# # .# ###.##.#...
(########
#.....Z.|...
.........
#.#Z##.#....
.........
#.#@##z#.....
########.
#.#.Z).....# # #.
#.####.##### #
#.#####.####.# #
#.#..........#
########.#.###(######
......##....##.#
#####.##.....(.#
#.###...####


You could see a griffon simulacrum and a troll zombie (confused).

Vanquished Creatures
  Josephine (D:11)
  The ghost of Piginabag the Covert, a powerful OpTm of Dithmengos (D:11)
  An unseen horror (D:10)
  2 hill giants
  Joseph (D:8)
  A feature mimic (D:11)
  A yaktaur (shapeshifter) (D:11)
  A komodo dragon (D:10)
  A troll (D:10)
  A fire drake (D:8)
  A hydra skeleton (D:11)
  A two-headed ogre (D:9)
  3 yaks
  2 wyverns
  A hippogriff (D:10)
  A merfolk (D:8)
  A deep elf fighter (D:8)
  Edmund (D:5)
  4 necrophages
  2 ice beasts
  2 sky beasts
  A black bear (D:6)
  3 orc warriors
  5 ogres
  7 phantoms
  Sigmund (D:4)
  A big kobold (D:9)
  A giant frog (D:9)
  4 centaurs
  Blork the orc (D:9)
  2 troll zombies (D:11)
  3 killer bees (D:8)
  4 wights (D:8)
  10 crimson imps
  2 gnoll shamans
  2 scorpions
  A jelly (D:11)
  A soldier ant zombie (D:6)
  4 hounds
  2 giant frog skeletons
  An orc priest (D:8)
  6 orc wizards
  An iguana (D:3)
  7 worker ants
  6 ogre zombies (D:11)
  A sky beast zombie (D:8)
  An ogre skeleton (D:11)
  A hound skeleton (D:5)
  9 adders
  10 gnolls
  A giant mite (D:6)
  A white imp (D:9)
  9 worms
  A goliath beetle zombie (D:10)
  2 giant eyeballs
  An ooze (D:2)
  34 orcs
  5 giant cockroaches
  7 goblins
  16 hobgoblins
  6 jackals
  7 quokkas
  5 ball pythons
  17 bats
  4 giant geckos
  A giant gecko skeleton (D:7)
  8 giant newts
  4 giant spores
  A goblin skeleton (D:11)
  4 goblin zombies (D:11)
  A hobgoblin skeleton (D:4)
  4 hobgoblin zombies (D:11)
  18 kobolds
  3 orc skeletons
  9 orc zombies (D:11)
  20 rats
  2 rat skeletons (D:4)
  6 ballistomycetes
325 creatures vanquished.

Vanquished Creatures (others)
  A gnoll (D:10)
1 creature vanquished.

Grand Total: 326 creatures vanquished

Notes
Turn   | Place    | Note
--------------------------------------------------------------
     0 | D:1      | Kae, the Spriggan Enchanter, began the quest for the Orb.
     0 | D:1      | Reached XP level 1. HP: 9/9 MP: 4/4
   199 | D:1      | Reached XP level 2. HP: 11/13 MP: 7/7
   658 | D:1      | Reached skill level 4 in Stealth
   662 | D:1      | Learned a level 2 spell: Ensorcelled Hibernation
   800 | D:2      | Reached XP level 3. HP: 11/16 MP: 6/10
  1053 | D:2      | Reached XP level 4. HP: 13/21 MP: 3/13
  1111 | D:2      | Found a shimmering altar of Xom.
  1598 | D:2      | Reached skill level 5 in Stealth
  1989 | D:3      | Reached XP level 5. HP: 18/24 MP: 8/16
  2309 | D:4      | Noticed Sigmund
  2312 | D:4      | Killed Sigmund
  2312 | D:4      | Reached skill level 6 in Stealth
  2363 | D:4      | Noticed Menkaure
  2363 | D:4      | Noticed an ogre
  2378 | D:4      | Killed an ogre
  2378 | D:4      | Reached skill level 5 in Hexes
  2378 | D:4      | Reached XP level 6. HP: 28/28 MP: 16/20
  2756 | D:3      | Paralysed by a giant eyeball for 4 turns
  2794 | D:4      | Learned a level 3 spell: Confuse
  2820 | D:4      | Noticed a centaur
  2918 | D:4      | Noticed a centaur
  3010 | D:4      | Reached skill level 7 in Stealth
  3271 | D:4      | Found Buclarch's Weapon Boutique.
  3285 | D:4      | Found a shimmering altar of Xom.
  3511 | D:5      | Entered Level 5 of the Dungeon
  3569 | D:5      | Noticed Edmund
  3584 | D:5      | Killed Edmund
  3584 | D:5      | Reached XP level 7. HP: 29/32 MP: 13/21
  3701 | D:5      | Reached skill level 8 in Stealth
  3753 | D:5      | Reached skill level 5 in Short Blades
  4094 | D:5      | Found a burning altar of Makhleb.
  4094 | D:5      | Noticed a balrug
  4159 | D:5      | Reached skill level 9 in Stealth
  4160 | D:5      | Found a snail-covered altar of Cheibriados.
  4213 | D:5      | Reached skill level 5 in Spellcasting
  4213 | D:5      | Reached XP level 8. HP: 21/36 MP: 9/24
  5192 | D:6      | Reached skill level 10 in Stealth
  5270 | D:6      | Found an ancient bone altar of Kikubaaqudgha.
  5338 | D:6      | Found a staircase to the Ecumenical Temple.
  5395 | Temple   | Entered the Ecumenical Temple
  5421 | Temple   | Became a worshipper of Dithmengos
  5694 | D:6      | Found an ancient bone altar of Kikubaaqudgha.
  5741 | D:6      | Reached skill level 11 in Stealth
  5769 | D:6      | Reached XP level 9. HP: 30/39 MP: 13/26
  6021 | D:7      | Found Ehirukha's Gadget Shoppe.
  7113 | D:7      | Reached skill level 12 in Stealth
  7695 | D:8      | Found a staircase to the Lair.
  7695 | D:8      | Noticed a fire drake
  8083 | D:8      | Acquired Dithmengos' first power
  8179 | D:8      | Identified a scroll of acquirement
  8196 | D:8      | Killed a fire drake
  8196 | D:8      | Reached skill level 13 in Stealth
  8262 | D:8      | Noticed Joseph
  8309 | D:8      | Noticed a hill giant
  8316 | D:8      | Killed a hill giant
  8316 | D:8      | Reached XP level 10. HP: 41/41 MP: 24/29
  8327 | D:8      | Got a faintly glowing robe
  8328 | D:8      | Identified the cursed -5 robe of Misfortune {-Cast Contam *Tele EV-4 Str-2 Dex-2 Int-2 Stlth-- Curse} (You found it on level 8 of the Dungeon)
  8565 | D:8      | Killed Joseph
  8659 | D:9      | Noticed Blork the orc
  8665 | D:9      | Killed Blork the orc
  8837 | D:9      | Acquired Dithmengos' second power
  9002 | D:9      | Reached skill level 14 in Stealth
  9099 | D:9      | Reached skill level 10 in Short Blades
  9172 | D:9      | Found a glowing silver altar of Zin.
  9173 | D:9      | Found an iron altar of Okawaru.
  9249 | D:10     | Entered Level 10 of the Dungeon
  9539 | D:10     | Noticed a hill giant
  9545 | D:10     | Killed a hill giant
  9553 | D:10     | Noticed an unseen horror
  9561 | D:10     | Killed an unseen horror
  9561 | D:10     | Reached XP level 11. HP: 41/44 MP: 25/31
  9598 | D:10     | Found Shriciex's Profane Products.
  9599 | D:10     | Found an ancient bone altar of Kikubaaqudgha.
  9854 | D:10     | Reached skill level 15 in Stealth
  9859 | D:10     | Found Iqutuca's Book Shoppe.
 10025 | D:11     | Noticed Piginabag's ghost (powerful OpTm)
 10054 | D:11     | Killed Piginabag's ghost
 10406 | D:11     | Found a staircase to the Orcish Mines.
 10430 | D:11     | Acquired Dithmengos' third power
 10935 | D:11     | Learned a level 6 spell: Invisibility
 11397 | D:11     | Noticed Josephine
 11400 | D:11     | Killed Josephine
 11405 | D:11     | Slain by a griffon simulacrum

Action                   |  1- 3 |  4- 6 |  7- 9 | 10-12 || total
-------------------------+-------+-------+-------+-------++-------
Melee: Dagger            |   154 |   280 |   273 |       ||   707
       Cutlass           |       |       |     3 |   286 ||   289
Throw: Tomahawk          |       |       |     2 |     2 ||     4
 Cast: Ensorcelled Hiber |     6 |    41 |    99 |    31 ||   177
       Corona            |     1 |     1 |       |       ||     2
       Confuse           |       |     2 |    37 |    41 ||    80
       Invisibility      |       |       |       |     1 ||     1
Invok: Shadow Step       |       |       |       |     4 ||     4
Evoke: Wand              |       |       |     2 |     2 ||     4
  Use: Scroll            |       |     1 |    21 |     5 ||    27
       Potion            |       |     1 |       |     1 ||     2
 Stab: Sleeping          |     8 |    38 |    67 |    67 ||   180
       Confused          |       |     1 |    10 |    15 ||    26
       Distracted        |       |     1 |     5 |     3 ||     9
       Invisible         |       |       |       |     3 ||     3
